 Dungeon Crawl Stone Soup version 0.20.1-1-g8b1a95d (webtiles) character file.

162 Mitsuki the Sneak (level 5, -2/26 HPs)
             Began as a Spriggan Assassin on Sept 11, 2017.
             Slain by Thjof's ghost (9 damage)
             ... on level 3 of the Dungeon.
             The game lasted 00:09:48 (2346 turns).

Mitsuki the Sneak (Spriggan Assassin)               Turns: 2346, Time: 00:09:49

Health: -2/26      AC:  3    Str:  7    XL:     5   Next: 19%
Magic:  6/6        EV: 18    Int: 12    God:
Gold:   106        SH:  0    Dex: 19    Spells: 4/4 levels left

rFire    . . .     SeeInvis +   a - +2 dagger
rCold    . . .     Gourm    .   (shield restricted)
rNeg     . . .     Faith    .   c - +0 robe
rPois    .         Spirit   .   (helmet restricted)
rElec    .         Reflect  .   d - +0 cloak
rCorr    .         Harm     .   (gloves unavailable)
MR       .....                  (boots unavailable)
Stlth    ++++......             (no amulet)
Regen    0.1/turn               (no ring)
MPRegen  0.1/turn               (no ring)

@: very quick
A: unfitting armour, see invisible, herbivore 3, speed 3, slow metabolism 2
a: no special abilities


You were on level 3 of the Dungeon.
You were not hungry.

You visited 1 branch of the dungeon, and saw 3 of its levels.

You collected 106 gold pieces.

Inventory:

Hand Weapons
 a - a +2 dagger (weapon)
 b - a +0 blowgun
Missiles
 e - 9 poisoned needles
Armour
 c - a +0 robe (worn)
 d - a +0 cloak (worn)
Scrolls
 h - 2 scrolls of remove curse {unknown}
 l - a scroll of teleportation {unknown}
 m - 2 scrolls of identify {unknown}
 n - a scroll of enchant armour {unknown}
 p - a scroll of amnesia {unknown}
Potions
 i - a potion of ambrosia {unknown}
 k - a potion of degeneration {unknown}
 o - a potion of curing {unknown}
Comestibles
 g - 3 bread rations
 j - a royal jelly


   Skills:
 + Level 2.1 Fighting
 + Level 3.2 Short Blades
 + Level 3.1 Throwing
 + Level 2.7 Dodging
 + Level 7.4 Stealth


You had 4 spell levels left.
You didn't know any spells.

Dungeon Overview and Level Annotations

Branches:
Dungeon (3/15)

Altars:

Annotations:
D:3 Thjof's ghost, amateur OgWz


Innate Abilities, Weirdness & Mutations

You are very small and have problems with some larger weapons.
You are too small for most types of armour.
You have supernaturally acute eyesight. (SInv)
You are a herbivore.
You cover ground extremely quickly.
You need consume almost no food.


Message History

You hit Thjof's ghost but do no damage. Thjof's ghost closely misses you.
You completely miss Thjof's ghost. You hit Thjof's ghost but do no damage.
Thjof's ghost hits you.
You closely miss Thjof's ghost. Thjof's ghost hits you.
You closely miss Thjof's ghost. Thjof's ghost completely misses you.
You completely miss Thjof's ghost. Thjof's ghost completely misses you.
You barely miss Thjof's ghost. Thjof's ghost misses you.
You hit Thjof's ghost.
Thjof's ghost is lightly damaged.
You barely miss Thjof's ghost.
Thjof's ghost is lightly damaged.
Thjof's ghost closely misses you.
You barely miss Thjof's ghost.
Thjof's ghost is lightly damaged.
Thjof's ghost hits you!
* * * LOW HITPOINT WARNING * * *
You hit Thjof's ghost.
Thjof's ghost is lightly damaged.
Thjof's ghost hits you!
You die...

#.##.....####.#####..##...#......
..####..[.....# #.<...........#
#.# ##(####### #...#...#.#####
#.# #.###########........[# #.#
#......((..###..##.##.# #.#
#(.#######.# #.#.#.#.## ..# #..#
#.# #.##)..†.# ### #.(# #W#
#.###.##.# #######..# #####@###.#
#.##.## .......).#
#.........###.##..#
########.###.###.###.....###.###
#(##...##.# #.##..#≈≈.≈≈##
#(........# #.###.≈≈#≈#≈≈.
####(..#### #.##≈#≈≈≈#≈≈≈≈ ##.##
#.#≈≈≈≈≈...≈≈≈ #(# ##.≈≈≈≈.≈..#≈≈
#)# ##≈#≈≈≈≈.≈≈≈≈


You could see Thjof's ghost.

Vanquished Creatures
  Jessica (D:2)
  An iguana (D:3)
  2 adders
  2 oozes
  A worm (D:2)
  5 dart slugs
  A leopard gecko (D:1)
  3 orcs (D:3)
  4 giant cockroaches
  13 goblins
  11 hobgoblins
  6 bats
  7 frilled lizards
  5 kobolds
  5 rats
67 creatures vanquished.

Notes
Turn   | Place    | Note
-------+----------+-------------------------------------------
     0 | D:1      | Mitsuki the Spriggan Assassin began the quest for the Orb.
     0 | D:1      | Reached XP level 1. HP: 10/10 MP: 2/2
    81 | D:1      | Reached skill level 6 in Stealth
   207 | D:1      | Reached XP level 2. HP: 12/15 MP: 3/3
   621 | D:1      | Reached XP level 3. HP: 18/18 MP: 4/4
   634 | D:2      | Noticed Jessica
   651 | D:2      | Killed Jessica
   877 | D:2      | Reached XP level 4. HP: 23/23 MP: 5/5
  1163 | D:2      | Reached skill level 7 in Stealth
  2195 | D:3      | Reached XP level 5. HP: 19/26 MP: 6/6
  2275 | D:3      | Noticed Thjof's ghost (amateur OgWz)
  2346 | D:3      | Slain by Thjof's ghost

Skill      XL: |  1  2  3  4 |
---------------+-------------+-----
Stealth        | 6 7 |  7.4
Dodging        | 2 |  2.7
Short Blades   | 3 |  3.2
Fighting       | 2 |  2.1
Throwing       | 3 |  3.1

Action                   |  1- 3 |  4- 6 || total
-------------------------+-------+-------++-------
Melee: Dagger            |    73 |   133 ||   206
 Fire: Blowgun           |    22 |    35 ||    57
 Stab: Sleeping          |    11 |     6 ||    17
       Distracted        |     1 |     2 ||     3
Armor: Robe              |     4 |     8 ||    12
Dodge: Dodged            |    51 |    73 ||   124
